 Dungeon Crawl Stone Soup version 0.25-a0-1073-gf4359a17dd (webtiles) character file.

Game seed: 6628919952994177315, levelgen mode: deterministic

3560 Flugslaktarn the Cleaver (level 9, -4/82 HPs)
             Began as a Deep Dwarf Fighter on May 14, 2020.
             Was a Believer of Makhleb.
             Splashed by a centaur's acid (6 damage)
             ... on level 8 of the Dungeon.
             The game lasted 00:03:32 (4438 turns).

Flugslaktarn the Cleaver (Deep Dwarf Fighter)       Turns: 4438, Time: 00:03:33

Health: -4/82      AC: 15    Str: 21    XL:     9   Next: 83%
Magic:  11/11      EV:  5    Int: 10    God:    Makhleb [**....]
Gold:   231        SH: 11    Dex: 13    Spells: 8/8 levels left

rFire    . . .     SeeInvis +   a - +1 broad axe
rCold    . . .     Gourm    .   c - +0 kite shield
rNeg     . . .     Faith    .   p - +0 plate armour
rPois    .         Spirit   .   v - +0 helmet
rElec    .         Reflect  .   (no cloak)
rCorr    .         Harm     .   (no gloves)
MR       +....                  k - +0 pair of boots
Stlth    ..........             (no amulet)
HPRegen  0.00/turn              i - ring of see invisible
MPRegen  0.12/turn              (no ring)

@: non-regenerating
A: damage resistance, heal wounds, sense surroundings 2, no regeneration
a: Heal Wounds, Minor Destruction, Renounce Religion


You were on level 8 of the Dungeon.
You worshipped Makhleb.
Makhleb was pleased with you.
You were not hungry.

You visited 2 branches of the dungeon, and saw 9 of its levels.

You collected 306 gold pieces.
You spent 75 gold pieces at shops.

Inventory:

Hand Weapons
 a - a +1 broad axe (weapon)
   (You took it off an orc warrior on level 7 of the Dungeon)
 b - a +0 scimitar of flaming
   (You took it off Maggie on level 6 of the Dungeon)
Missiles
 f - a throwing net (quivered)
Armour
 c - a +0 kite shield (worn)
 k - a +0 pair of boots (worn)
   (You found it on level 3 of the Dungeon)
 p - a +0 plate armour (worn)
   (You found it on level 3 of the Dungeon)
 v - a +0 helmet (worn)
   (You found it on level 7 of the Dungeon)
Jewellery
 i - a ring of see invisible (left hand)
   (You found it on level 7 of the Dungeon)
Wands
 g - a wand of iceblast (12)
   (You found it on level 3 of the Dungeon)
 j - a wand of paralysis (5)
   (You found it on level 4 of the Dungeon)
 A - a wand of acid (5)
   (You found it on level 8 of the Dungeon)
Scrolls
 r - 3 scrolls of identify
 t - a scroll of enchant armour
 u - 2 scrolls of immolation
 x - 2 scrolls of remove curse
 y - a scroll of blinking {unknown}
Potions
 d - 4 potions of might
 h - 2 potions of haste
 l - a potion of degeneration {unknown}
 m - a potion of flight {unknown}
 n - a potion of ambrosia {unknown}
 o - a potion of stabbing {unknown}
 q - 4 potions of curing
 s - a potion of resistance {unknown}
 w - 2 potions of heal wounds
Comestibles
 e - 6 rations
 z - 5 chunks of flesh


   Skills:
 + Level 5.9 Fighting
 * Level 9.4 Axes
 + Level 7.2 Armour
 + Level 7.2 Shields
 + Level 6.7 Invocations


You had 8 spell levels left.
You didn't know any spells.
Your spell library was empty.

Dungeon Overview and Level Annotations

Branches:
Dungeon (8/15)             Temple (1/1) D:4            Lair (0/6) D:8

Altars:
Ashenzari
Cheibriados
Dithmenos
Elyvilon
Fedhas
Gozag
Kikubaaqudgha
Makhleb
Ru
Sif Muna
Trog
Uskayaw
Vehumet
Wu Jian
Xom
Yredelemnul
Zin
The Shining One

Shops:
D:4 [   D:7 }?[[


Innate Abilities, Weirdness & Mutations

You are resistant to damage.
You can heal yourself by infusing magical energy.
You passively map the area around you.
You do not regenerate.


Message History

You are too injured to fight recklessly!
You are too injured to fight recklessly!
You are too injured to fight recklessly!
You are too injured to fight recklessly!
You are too injured to fight recklessly!
You are too injured to fight recklessly!
You are too injured to fight recklessly!
You are too injured to fight recklessly!
You are too injured to fight recklessly!
You are too injured to fight recklessly!
You are too injured to fight recklessly!
You barely miss the centaur.
The centaur zaps a wand.
The bolt of acid hits you!
* * * LOW HITPOINT WARNING * * *
You are splashed with acid!
* * * LOW HITPOINT WARNING * * *
The centaur zaps a wand.
The bolt of acid hits you.
* * * LOW HITPOINT WARNING * * *
You are splashed with acid!
You die...

<,* #.....## ** * *
#......## ,,, ###
##.......# * *
,..###........#
##..####.....###
###..###.........#
##....##...........
#$....#...P........
#.@.((.(.....>.....
#.c.......P......P..
##......#..P........
##.....##.........#
##...#####.....###
#####.# #........
#.########....
#.###.........
##.##..........


You could see a centaur.

Vanquished Creatures
  Psyche (D:8)
  Maggie (D:6)
  Grinder (D:4)
  2 hippogriffs
  A yak (D:8)
  Grum (D:8)
  A basilisk (D:8)
  A hungry ghost (D:8)
  2 orc warriors
  A phantom (D:5)
  3 wolves (D:8)
  A crocodile (D:8)
  4 scorpions
  5 killer bees (D:8)
  3 howler monkeys
  3 crimson imps
  A hound (D:4)
  2 jellies (D:5)
  2 orc priests
  3 centaur skeletons
  3 orc wizards
  5 worker ants
  A hound zombie (D:8)
  A hound skeleton (D:6)
  3 gnolls (D:2)
  4 adders
  2 oozes
  An adder skeleton (D:6)
  A dart slug (D:4)
  3 leopard geckos
  16 orcs
  3 ball pythons
  3 bats
  11 giant cockroaches
  2 goblins (D:2)
  2 hobgoblins (D:2)
  10 jackals
  2 quokkas
  2 frilled lizards (D:3)
  A leopard gecko skeleton (D:8)
  A quokka skeleton (D:3)
116 creatures vanquished.

Notes
Turn   | Place    | Note
-------+----------+-------------------------------------------
     0 | D:1      | Flugslaktarn the Deep Dwarf Fighter began the quest for the
                  | Orb.
     0 | D:1      | Reached XP level 1. HP: 20/20 MP: 1/1
    65 | D:2      | Reached XP level 2. HP: 22/27 MP: 2/2
    75 | D:2      | Reached skill level 3 in Axes
    75 | D:2      | Reached XP level 3. HP: 34/34 MP: 3/3
   470 | D:4      | Reached XP level 4. HP: 39/42 MP: 4/4
   488 | D:4      | Found a hide-covered altar of Uskayaw.
   537 | D:4      | Reached skill level 4 in Axes
   664 | D:4      | Found a staircase to the Ecumenical Temple.
   669 | D:4      | Reached XP level 5. HP: 41/49 MP: 5/5
   677 | Temple   | Entered the Ecumenical Temple
   813 | Temple   | Became a worshipper of Makhleb the Destroyer
   926 | D:4      | Noticed Grinder
   936 | D:4      | Paralysed by Grinder for 3 turns
   967 | D:4      | Killed Grinder
   967 | D:4      | Reached skill level 5 in Axes
   967 | D:4      | Reached XP level 6. HP: 26/57 MP: 5/7
  1164 | D:4      | Reached XP level 7. HP: 24/63 MP: 6/6
  1320 | D:4      | Found Liebb's Armour Shoppe.
  1461 | D:5      | Entered Level 5 of the Dungeon
  1712 | D:5      | Reached skill level 5 in Armour
  1712 | D:5      | Reached skill level 5 in Shields
  1798 | D:5      | Reached skill level 6 in Axes
  1881 | D:5      | Reached * piety under Makhleb
  2237 | D:6      | Noticed Maggie
  2269 | D:6      | Killed Maggie
  2269 | D:6      | Reached XP level 8. HP: 64/73 MP: 7/9
  2713 | D:7      | Found Zaohubel's Magic Scroll Shoppe.
  2718 | D:7      | Bought a scroll of enchant armour for 75 gold pieces
  2732 | D:7      | Found Debeg's Antique Armour Emporium.
  2741 | D:7      | Reached skill level 7 in Axes
  2931 | D:7      | Found a glowing silver altar of Zin.
  2997 | D:7      | Found a shimmering altar of Xom.
  3127 | D:7      | Found Xeredeed's Armour Emporium.
  3203 | D:7      | Found Tudwolia's Gadget Emporium.
  3223 | D:7      | Noticed a hippogriff
  3235 | D:7      | Killed a hippogriff
  3754 | D:8      | Reached skill level 5 in Invocations
  3765 | D:8      | Noticed Psyche
  3782 | D:8      | Killed Psyche
  3782 | D:8      | Reached skill level 5 in Fighting
  3782 | D:8      | Reached skill level 8 in Axes
  3782 | D:8      | Gained mutation: You passively map the area around you.
                  | [Deep Dwarf growth]
  3782 | D:8      | Reached XP level 9. HP: 66/81 MP: 9/11
  3899 | D:8      | Found a staircase to the Lair.
  3956 | D:8      | Reached ** piety under Makhleb
  4014 | D:8      | Reached skill level 9 in Axes
  4181 | D:8      | Found a shimmering altar of Xom.
  4312 | D:8      | Noticed Grum
  4329 | D:8      | Killed Grum
  4438 | D:8      | HP: 2/82 [centaur/bolt of acid (3)]
  4438 | D:8      | Splashed by a centaur's acid

Illustrated notes

Levels and vault maps discovered:
D:1:      dpeg_arrival_rooms_c, layout_basic
D:2:      layout_loops_ring
D:3:      minmay_roachtagon, layout_basic
D:4:      minmay_door_path, layout_basic, minmay_temple_entry_glassed_door,
          serial_shops, shop_fountains, first_ration, lemuel_altar_in_water,
          uniq_grinder
D:5:      layout_gridville
D:6:      layout_loops_ring, uniq_maggie
D:7:      layout_basic, lemuel_round_altar, xom_butterflies, serial_shops, shop,
          shop, shop_statue, nicolae_shop_waterfront
D:8:      layout_cave_pods, david_lair_generic, basic_altar, uniq_grum,
          uniq_psyche
Temple:   eino_temple_rhombus

Skill      XL: |  1  2  3  4  5  6  7  8  9 |
---------------+----------------------------+-----
Fighting       | 3 4 5 |  5.9
Axes           | 3 4 5 6 8 9 |  9.4
Armour         | 4 5 6 7 |  7.2
Shields        | 4 5 6 7 |  7.2
Invocations    | 2 4 5 6 |  6.7

Action                   |  1- 3 |  4- 6 |  7- 9 || total
-------------------------+-------+-------+-------++-------
Melee: War axe           |    85 |    89 |   192 ||   366
       Broad axe         |       |       |   163 ||   163
 Abil: Heal Wounds       |     1 |     5 |    12 ||    18
Evoke: Wand              |       |       |     4 ||     4
  Use: Scroll            |     4 |       |     5 ||     9
       Potion            |       |     2 |     1 ||     3
 Stab: Paralysed         |       |       |     5 ||     5
  Eat: Chunk             |       |     1 |    12 ||    13
       Ration            |       |       |     2 ||     2
Armor: Scale mail        |    14 |       |       ||    14
       Chain mail        |    43 |       |       ||    43
       Plate armour      |     9 |    42 |   253 ||   304
       Skin              |       |       |    15 ||    15
Dodge: Dodged            |    34 |    10 |    70 ||   114
Block: Kite shield       |    59 |    46 |   224 ||   329

Table legend:
 A = Non-vault XP
 B = Vault XP
 C = Vault XP percentage of total XP
 D = Non-vault monster count
 E = Vault monster count
 F = Vault count percentage of total count
                 A         B        C        D         E       F
            +---------+---------+-------+---------+---------+-------
      Total |    2561 |    2526 |  49.7 |      94 |      22 |  19.0
            +---------+---------+-------+---------+---------+-------
        D:1 |       4 |       0 |   0.0 |       2 |       0 |   0.0
        D:2 |      61 |       0 |   0.0 |      12 |       0 |   0.0
        D:3 |      13 |      16 |  55.2 |       7 |       8 |  53.3
        D:4 |     438 |     331 |  43.0 |      19 |       4 |  17.4
        D:5 |     422 |       0 |   0.0 |      10 |       0 |   0.0
        D:6 |     131 |     428 |  76.6 |       5 |       1 |  16.7
        D:7 |     543 |       0 |   0.0 |      13 |       0 |   0.0
        D:8 |     949 |    1751 |  64.9 |      26 |       9 |  25.7
            +---------+---------+-------+---------+---------+-------
